 Dungeon Crawl Stone Soup version 0.21.1-1-g345015f (webtiles) character file.

169 letownia2 the Charmwright (level 5, 41/43 HPs)
             Began as a Gnoll Skald on Feb 27, 2018.
             Quit the game on level 4 of the Dungeon.
             The game lasted 00:04:02 (773 turns).

letownia2 the Charmwright (Gnoll Skald)              Turns: 773, Time: 00:04:03

Health: 41/43      AC:  3    Str: 14    XL:     5   Next: 50%
Magic:  5/12       EV: 14    Int: 16    God:
Gold:   101        SH:  0    Dex: 14    Spells: 3/14 levels left

rFire    . . .     SeeInvis .   a - +0 spear
rCold    . . .     Gourm    .   (no shield)
rNeg     . . .     Faith    .   b - +0 leather armour
rPois    .         Spirit   .   (no helmet)
rElec    .         Reflect  .   (no cloak)
rCorr    .         Harm     .   (no gloves)
MR       .....                  (no boots)
Stlth    ++........             (no amulet)
HPRegen  0.14/turn              (no ring)
MPRegen  0.13/turn              (no ring)

@: very slightly contaminated
A: distributed training, fangs 1, strong nose
a: no special abilities


You were on level 4 of the Dungeon.
You were hungry.

You visited 1 branch of the dungeon, and saw 4 of its levels.

You collected 101 gold pieces.

Inventory:

Hand Weapons
 a - a +0 spear (weapon)
Armour
 b - a +0 leather armour (worn)
 f - a +0 pair of boots
Scrolls
 g - 3 scrolls of identify {unknown}
 i - a scroll of enchant weapon {unknown}
 j - a scroll of fog {unknown}
 l - a scroll of fear {unknown}
Potions
 e - 6 potions of lignification {unknown}
 h - a potion of resistance {unknown}
 k - a potion of flight {unknown}
Books
 c - a book of Battle

   Spells                             Type                      Level
   a - Infusion                       Charms                       1
   b - Shroud of Golubria             Charms/Translocation         2
   c - Song of Slaying                Charms                       2
   d - Spectral Weapon                Hexes/Charms                 3
   e - Regeneration                   Charms/Necromancy            3
Comestibles
 d - 3 rations


   Skills:
 + Level 4.8 Fighting
 + Level 1.4 Short Blades
 + Level 1.4 Long Blades
 + Level 1.4 Axes
 + Level 1.4 Maces & Flails
 + Level 4.8 Polearms
 + Level 1.4 Staves
 + Level 1.4 Slings
 + Level 1.4 Bows
 + Level 1.4 Crossbows
 + Level 1.4 Throwing
 + Level 3.0 Armour
 + Level 4.8 Dodging
 + Level 1.4 Stealth
 + Level 1.4 Shields
 + Level 1.4 Unarmed Combat
 + Level 5.2 Spellcasting
 + Level 1.1 Conjurations
 + Level 1.1 Hexes
 + Level 5.5 Charms
 + Level 1.1 Summonings
 + Level 1.1 Necromancy
 + Level 1.1 Translocations
 + Level 1.1 Transmutations
 + Level 1.1 Fire Magic
 + Level 1.1 Ice Magic
 + Level 1.1 Air Magic
 + Level 1.1 Earth Magic
 + Level 1.1 Poison Magic
 + Level 1.6 Invocations
 + Level 1.4 Evocations


You had 3 spell levels left.
You knew the following spells:

 Your Spells              Type           Power        Failure   Level  Hunger
a - Infusion              Chrm           ###.         1%          1    None
g - Regeneration          Chrm/Necr      ##........   14%         3    ###....
l - Song of Slaying       Chrm           ###.....     2%          2    #......
t - Shroud of Golubria    Chrm/Tloc      ##........   7%          2    #......
x - Spectral Weapon       Hex/Chrm       ##......     14%         3    ###....


Dungeon Overview and Level Annotations

Branches:
Dungeon (4/15)
 Temple: D:4-7

Altars:
Kikubaaqudgha


Innate Abilities, Weirdness & Mutations

Your experience applies equally to all skills.
You have very sharp teeth.
Your uncanny sense of smell can sniff out nearby items.


Message History

Found a dagger.
Found a stone staircase leading down.
Unknown command.
Found a leather armour.
A giant cockroach comes into view.
You see here a leather armour.
You completely miss the jackal skeleton.
The jackal skeleton bites you but does no damage.
You hit the jackal skeleton.
The jackal skeleton is almost destroyed.
The jackal skeleton completely misses you.
You hit the jackal skeleton.
You destroy the jackal skeleton!
No target in view!
No target in view! 2 jackals come into view.
The jackal barks!
There is a stone staircase leading down here.
You aren't carrying any pieces of jewellery.
Unknown command.
Are you sure you want to abandon this character and quit the game? (Confirm with "yes".)

#. ##.........#
######.###.......# .
.h..........#...###.
∆
.........[###..###..
..........##...###o##
......h......#.##...#
...............##.o.#
.........)..........#
######...@.#.##.$.<.#
#.....#.###.#........
#...####.#
#.######... #.#.# ##
.# . .....# #.#.### ∆
#.#. . .


You could see a jackal.

Vanquished Creatures
  A bullfrog (D:3)
  2 orc wizards (D:3)
  An adder (D:3)
  2 worms (D:2)
  2 leopard geckos (D:3)
  4 orcs (D:3)
  2 giant cockroaches (D:3)
  2 goblins
  2 hobgoblins
  6 kobolds
  A quokka (D:3)
  4 bats
  A frilled lizard (D:3)
  A jackal skeleton (D:4)
  2 rats
33 creatures vanquished.

Notes
Turn   | Place    | Note
-------+----------+-------------------------------------------
     0 | D:1      | letownia2 the Gnoll Skald began the quest for the Orb.
     0 | D:1      | Reached XP level 1. HP: 20/20 MP: 6/6
    56 | D:2      | Reached XP level 2. HP: 26/26 MP: 0/7
   116 | D:2      | Learned a level 2 spell: Song of Slaying
   119 | D:2      | Learned a level 2 spell: Shroud of Golubria
   263 | D:3      | Reached skill level 5 in Spellcasting
   263 | D:3      | Reached skill level 1 in Invocations
   263 | D:3      | Reached XP level 3. HP: 31/31 MP: 3/9
   268 | D:3      | Learned a level 3 spell: Regeneration
   272 | D:3      | Learned a level 3 spell: Spectral Weapon
   313 | D:3      | Found an ancient bone altar of Kikubaaqudgha.
   422 | D:3      | Reached skill level 1 in Short Blades
   422 | D:3      | Reached skill level 1 in Long Blades
   422 | D:3      | Reached skill level 1 in Axes
   422 | D:3      | Reached skill level 1 in Maces & Flails
   422 | D:3      | Reached skill level 1 in Staves
   422 | D:3      | Reached skill level 1 in Slings
   422 | D:3      | Reached skill level 1 in Bows
   422 | D:3      | Reached skill level 1 in Crossbows
   422 | D:3      | Reached skill level 1 in Throwing
   422 | D:3      | Reached skill level 1 in Stealth
   422 | D:3      | Reached skill level 1 in Shields
   422 | D:3      | Reached skill level 1 in Unarmed Combat
   422 | D:3      | Reached skill level 1 in Evocations
   458 | D:3      | Reached XP level 4. HP: 38/38 MP: 11/11
   508 | D:4      | Noticed an ogre
   590 | D:3      | Noticed a bullfrog
   598 | D:3      | Killed a bullfrog
   598 | D:3      | Reached skill level 1 in Conjurations
   598 | D:3      | Reached skill level 1 in Hexes
   598 | D:3      | Reached skill level 1 in Summonings
   598 | D:3      | Reached skill level 1 in Necromancy
   598 | D:3      | Reached skill level 1 in Translocations
   598 | D:3      | Reached skill level 1 in Transmutations
   598 | D:3      | Reached skill level 1 in Fire Magic
   598 | D:3      | Reached skill level 1 in Ice Magic
   598 | D:3      | Reached skill level 1 in Air Magic
   598 | D:3      | Reached skill level 1 in Earth Magic
   598 | D:3      | Reached skill level 1 in Poison Magic
   598 | D:3      | Reached XP level 5. HP: 43/43 MP: 3/12
   773 | D:4      | Quit the game

Skill      XL: |  1  2  3  4  5 |
---------------+----------------+-----
Spellcasting   | 5 |  5.2
Invocations    | 1 |  1.6
Short Blades   | 1 |  1.4
Long Blades    | 1 |  1.4
Axes           | 1 |  1.4
Maces & Flails | 1 |  1.4
Staves         | 1 |  1.4
Slings         | 1 |  1.4
Bows           | 1 |  1.4
Crossbows      | 1 |  1.4
Throwing       | 1 |  1.4
Stealth        | 1 |  1.4
Shields        | 1 |  1.4
Unarmed Combat | 1 |  1.4
Evocations     | 1 |  1.4
Conjurations   | 1 |  1.1
Hexes          | 1 |  1.1
Summonings     | 1 |  1.1
Necromancy     | 1 |  1.1
Translocations | 1 |  1.1
Transmutations | 1 |  1.1
Fire Magic     | 1 |  1.1
Ice Magic      | 1 |  1.1
Air Magic      | 1 |  1.1
Earth Magic    | 1 |  1.1
Poison Magic   | 1 |  1.1
Armour         | 3 |  3.0
Fighting       | |  4.8
Polearms       | |  4.8
Dodging        | |  4.8
Charms         | |  5.5

Action                   |  1- 3 |  4- 6 || total
-------------------------+-------+-------++-------
Melee: Spear             |   113 |    43 ||   156
       Bite              |    10 |     2 ||    12
 Cast: Infusion          |     3 |       ||     3
       Shroud of Golubri |     4 |     3 ||     7
       Song of Slaying   |     1 |       ||     1
       Regeneration      |       |     4 ||     4
       Spectral Weapon   |       |     3 ||     3
 Stab: Sleeping          |     1 |       ||     1
Armor: Leather armour    |    27 |    11 ||    38
Dodge: Dodged            |    69 |    40 ||   109
